 Dungeon Crawl Stone Soup version 0.19.3-4-gbf9329e (webtiles) character file.

18272 Mefis the Thaumaturge (level 12, -6/59 HPs)
             Began as a Deep Elf Wizard on Jan 28, 2017.
             Was a High Priest of Sif Muna.
             Mangled by a wolf spider (9 damage)
             ... on level 5 of the Lair of Beasts.
             The game lasted 00:55:57 (19100 turns).

Mefis the Thaumaturge (Deep Elf Wizard)            Turns: 19100, Time: 00:55:58

Health: -6/59      AC: 11    Str:  5    XL:     12   Next: 26%
Magic:  9/30       EV: 17    Int: 33    God:    Sif Muna [*****.]
Gold:   734        SH:  0    Dex: 13    Spells: 13 memorised, 2 levels left

rFire  . . .     SeeInvis +     a - +5 trident
rCold  + . .     Gourm    .     o - +2 robe {rC+}
rNeg   . . .     Faith    .     (no shield)
rPois  +         Spirit   .     X - +2 helmet {SInv}
rElec  .         Reflect  .     L - +0 cloak
rCorr  .         Harm     .     C - +1 pair of gloves
MR     +....                    U - +0 pair of boots
Stlth  ++++......               (no amulet)
                                R - +5 ring of intelligence
                                T - ring of poison resistance

@: repel missiles, divine energy
A: no striking features
a: Stop Divine Energy, Channel Magic, Forget Spell, Renounce Religion


You were on level 5 of the Lair of Beasts.
You worshipped Sif Muna.
Sif Muna was extremely pleased with you.
You were not hungry.

You visited 3 branches of the dungeon, and saw 16 of its levels.

You collected 954 gold pieces.
You spent 220 gold pieces at shops.

Inventory:

Hand Weapons
 a - a +5 trident (weapon)
 b - a +0 blowgun
Missiles
 j - 5 curare-tipped needles
 P - 2 needles of paralysis
 S - 12 poisoned needles
Armour
 o - a +2 robe of cold resistance (worn)
 C - a +1 pair of gloves (worn)
 L - a +0 cloak (worn)
 U - a +0 pair of boots (worn)
 X - a +2 helmet of see invisible (worn)
Rods
 c - a +5 rod of ignition (14/14)
   (You found it on level 2 of the Lair of Beasts)
Jewellery
 l - a +3 ring of intelligence
 x - an uncursed ring of protection from magic
 R - a +5 ring of intelligence (right hand)
 T - a ring of poison resistance (left hand)
Wands
 f - a wand of digging (14/24)
 p - a wand of polymorph (1/24)
 q - a wand of iceblast (12/15)
 v - a wand of paralysis (15/24)
 z - a wand of confusion (13/48)
 N - a wand of disintegration (18/24)
Scrolls
 e - a scroll of immolation
 h - 2 scrolls of remove curse
 k - 8 scrolls of teleportation
 n - a scroll of identify
 u - a scroll of amnesia
 w - 4 scrolls of blinking
 E - 3 scrolls of magic mapping
 I - 3 scrolls of holy word
 W - a scroll of fog
Potions
 r - 5 potions of flight
 t - 3 potions of lignification
 A - a potion of curing {unknown}
 H - 3 potions of heal wounds
Comestibles
 d - 13 bread rations
 g - a meat ration
 i - 7 beef jerkies
 m - 9 slices of pizza
 s - 8 fruits
 G - 2 royal jellies


   Skills:
 + Level 8.6 Dodging
 + Level 9.5 Stealth
 * Level 12.6 Spellcasting
 + Level 7.1 Conjurations
 + Level 7.3 Hexes
 - Level 0.8 Charms
 + Level 6.5 Summonings
 + Level 6.9 Necromancy
 - Level 1.1 Translocations
 + Level 6.3 Air Magic
 - Level 3.4 Poison Magic
 + Level 6.6 Invocations


You had 2 spell levels left.
You knew the following spells:

 Your Spells              Type           Power        Failure   Level  Hunger
a - Magic Dart            Conj           ####         1%          1    None
b - Summon Ice Beast      Ice/Summ       #####...     8%          4    None
c - Blink                 Tloc           N/A          1%          2    None
d - Cause Fear            Hex            ######....   1%          4    None
e - Mephitic Cloud        Conj/Pois/Air  ######..     1%          3    None
f - Conjure Flame         Conj/Fire      #####...     1%          3    None
g - Slow                  Hex            ######..     1%          2    None
h - Call Imp              Summ           ######..     1%          2    None
m - Animate Skeleton      Necr           N/A          1%          1    None
n - Summon Lightning Spi  Summ/Air       ######..     1%          4    None
p - Repel Missiles        Chrm/Air       #####.       1%          2    None
s - Static Discharge      Conj/Air       ######..     1%          3    None
B - Summon Guardian Gole  Hex/Summ       ######..     1%          3    None


Dungeon Overview and Level Annotations

Branches:
Dungeon (10/15)            Temple (1/1) D:5            Lair (5/6) D:8
  Swamp (0/4) Lair:2        Snake (0/4) Lair:4          Orc (0/2) D:10
  Slime: Lair:5-6

Altars:
Ashenzari
Cheibriados
Dithmenos
Elyvilon
Fedhas
Gozag
Hepliaklqana
Kikubaaqudgha
Makhleb
Nemelex Xobeh
Okawaru
Qazlal
Ru
Sif Muna
Trog
Uskayaw
Vehumet
Xom
Yredelemnul
Zin
The Shining One

Shops:
D:6 ?

Annotations:
D:4 esteth's ghost, amateur DEFE


Message History

The basilisk is severely wounded.
You hear an angry hiss.
The plant is engulfed in roaring flames.
The plant is destroyed!
The komodo dragon completely misses the plant.
The wolf spider is engulfed in noxious fumes.
The wolf spider hits you!!
* * * LOW HITPOINT WARNING * * *
The wolf spider bites you.
* * * LOW HITPOINT WARNING * * *
The basilisk is engulfed in noxious fumes.
The basilisk bites you!
* * * LOW HITPOINT WARNING * * *
All of the chunks of flesh in your inventory have rotted away.
The wolf spider is engulfed in noxious fumes.
The komodo dragon bites the plant.
The basilisk is engulfed in noxious fumes.
The wolf spider is engulfed in noxious fumes.
The wolf spider hits you!
You die...

.............<...........#.#
..........................##
.........................P#
...#.#.#P.................#
..###.####...............P#
... .. #.................#
... #P...............## ..
#.........P#######
.......@s§#.##
.......l§§.P.#.##
#.......§§.PPPPP.#
.........†§§§l..PP
......)>...§§.†...
.........P§§P.PP..
..........PPPPPPP.
..........PPPPPPP.
..........PP.PPPP


You could see a wolf spider, a komodo dragon and a basilisk.

Vanquished Creatures
  Fannar (D:10)
  A hill giant (D:10)
  A black mamba (Lair:5)
  A komodo dragon (Lair:1)
  2 hornets
  3 hippogriffs
  3 blink frogs
  A wyvern (Lair:2)
  8 yaks
  Eustachio (D:4)
  Grum (D:8)
  2 basilisks
  A human (D:8)
  A hungry ghost (D:7)
  4 hogs (D:8)
  Menkaure (D:7)
  3 ice beasts
  An orc warrior (D:7)
  7 porcupines
  An eye of draining (D:10)
  2 ogres
  A sky beast (D:8)
  2 phantoms
  3 wolves
  4 centaurs
  A big kobold (D:8)
  2 crocodiles (Lair:2)
  10 bullfrogs
  A scorpion (D:6)
  11 killer bees
  6 howler monkeys
  2 wights (D:8)
  5 crimson imps
  A bullfrog zombie (D:6)
  2 centaur zombies
  A quasit (D:10)
  3 hounds
  2 jellies
  3 orc priests
  2 bullfrog skeletons
  8 orc wizards
  3 iguanas
  7 worker ants
  2 hound skeletons
  Robin (D:2)
  4 gnolls (D:4)
  7 adders
  3 shadow imps
  An ooze (D:1)
  2 adder skeletons
  2 dart slugs
  5 leopard geckos
  16 orcs
  9 giant cockroaches
  20 goblins
  9 hobgoblins
  14 jackals
  3 quokkas
  A ball python (D:2)
  7 bats
  8 frilled lizards
  16 kobolds
  A leopard gecko zombie (D:6)
  A quokka skeleton (D:5)
  11 rats
  A spectral orc (D:4)
  A fungus (Lair:5)
271 creatures vanquished.

Vanquished Creatures (collateral kills)
  Gastronok (D:8)
  Snorg (Lair:3)
  2 hydras
  An orc knight (D:10)
  Pikel (D:8)
  A black mamba (Lair:4)
  Joseph (D:9)
  7 spiny frogs
  2 rime drakes
  Prince Ribbit (Lair:1)
  4 blink frogs
  2 hippogriffs
  16 yaks
  A basilisk (Lair:1)
  2 nagas (Lair:4)
  2 hell hounds (D:8)
  6 water moccasins
  5 porcupines
  2 ice beasts
  3 orc warriors (D:10)
  4 wolves (Lair:4)
  5 crocodiles
  2 bullfrogs
  8 killer bees
  A wight (D:8)
  An electric eel (Lair:2)
  A crimson imp (D:9)
  A hound (D:10)
  A jelly (D:9)
  An orc priest (D:9)
  An iguana (D:8)
  2 orc wizards
  A worker ant (D:6)
  A hound zombie (D:10)
  2 worker ant zombies
  3 adders (Lair:5)
  2 orcs
  A frilled lizard (D:4)
  A butterfly (Lair:1)
  2 fungi
  2 plants
104 creatures vanquished.

Vanquished Creatures (others)
  A killer bee (D:7)
  An orc priest (D:8)
  A fungus (Lair:3)
  3 plants
6 creatures vanquished.

Grand Total: 381 creatures vanquished

Notes
Turn   | Place    | Note
-------+----------+-------------------------------------------
     0 | D:1      | Mefis the Deep Elf Wizard began the quest for the Orb.
     0 | D:1      | Reached XP level 1. HP: 10/10 MP: 7/7
   260 | D:1      | Reached XP level 2. HP: 15/15 MP: 7/9
   264 | D:1      | Learned a level 2 spell: Call Imp
   267 | D:1      | Learned a level 2 spell: Blink
   270 | D:1      | Learned a level 2 spell: Repel Missiles
   919 | D:1      | Reached skill level 5 in Spellcasting
   919 | D:1      | Reached XP level 3. HP: 19/19 MP: 1/11
   924 | D:1      | Learned a level 3 spell: Mephitic Cloud
  1501 | D:1      | Reached XP level 4. HP: 23/24 MP: 10/13
  1506 | D:1      | Learned a level 3 spell: Conjure Flame
  1517 | D:2      | Noticed Robin
  1716 | D:2      | Reached skill level 1 in Poison Magic
  1732 | D:2      | Killed Robin
  1754 | D:2      | Reached skill level 1 in Air Magic
  3240 | D:3      | Reached XP level 5. HP: 28/28 MP: 13/15
  3244 | D:3      | Learned a level 2 spell: Slow
  3322 | D:4      | Noticed esteth's ghost (amateur DEFE)
  3669 | D:4      | Noticed Eustachio
  4221 | D:4      | Killed Eustachio
  4221 | D:4      | Reached skill level 6 in Spellcasting
  4221 | D:4      | Reached XP level 6. HP: 32/32 MP: 5/17
  4224 | D:4      | Learned a level 1 spell: Animate Skeleton
  4734 | D:4      | Reached skill level 1 in Necromancy
  4837 | D:4      | Found a bloodstained altar of Trog.
  4965 | D:4      | Reached XP level 7. HP: 36/36 MP: 11/18
  5287 | D:4      | Found a basalt altar of Yredelemnul.
  5438 | D:5      | Entered Level 5 of the Dungeon
  5721 | D:5      | Found a stormy altar of Qazlal.
  5754 | D:5      | Reached skill level 7 in Spellcasting
  5871 | D:5      | Found a staircase to the Ecumenical Temple.
  5879 | Temple   | Entered the Ecumenical Temple
  5939 | Temple   | Became a worshipper of Sif Muna the Loreminder
  6356 | D:6      | Reached skill level 5 in Stealth
  6362 | D:6      | Reached skill level 1 in Hexes
  6458 | D:6      | Reached skill level 1 in Invocations
  6586 | D:6      | Found Qiurch's Magic Scroll Emporium.
  6595 | D:6      | Bought a scroll of identify for 20 gold pieces
  6595 | D:6      | Bought a scroll of magic mapping for 35 gold pieces
  6595 | D:6      | Bought a scroll of teleportation for 30 gold pieces
  6595 | D:6      | Bought a scroll of blinking for 75 gold pieces
  6595 | D:6      | Bought a scroll of identify for 20 gold pieces
  6595 | D:6      | Bought a scroll of noise for 10 gold pieces
  6595 | D:6      | Bought a scroll of teleportation for 30 gold pieces
  6680 | D:6      | Reached XP level 8. HP: 41/41 MP: 17/21
  6694 | D:6      | Learned a level 4 spell: Summon Lightning Spire
  7012 | D:7      | Reached skill level 5 in Dodging
  7121 | D:7      | Noticed Menkaure
  7137 | D:7      | Killed Menkaure
  7271 | D:7      | Reached skill level 8 in Spellcasting
  7449 | D:7      | Noticed a hornet
  7463 | D:7      | Killed a hornet
  7463 | D:7      | Reached * piety under Sif Muna
  7512 | D:7      | Reached XP level 9. HP: 20/45 MP: 6/23
  8218 | D:7      | Found a shadowy altar of Dithmenos.
  8265 | D:8      | Noticed Gastronok
  8452 | D:7      | Learned a level 4 spell: Summon Ice Beast
  8597 | D:8      | Found an ancient bone altar of Kikubaaqudgha.
  8611 | D:8      | Noticed Grum
  8612 | D:8      | Reached skill level 9 in Spellcasting
  8644 | D:8      | Killed Grum
  8755 | D:8      | Found a sparkling altar of Nemelex Xobeh.
  8785 | D:8      | Reached ** piety under Sif Muna
  8955 | D:8      | Found a sacrificial altar of Ru.
  9029 | D:8      | You fall through a shaft for 2 floors!
  9029 | D:10     | Entered Level 10 of the Dungeon
  9377 | D:10     | Reached skill level 5 in Conjurations
  9625 | D:10     | Noticed a hill giant
  9641 | D:10     | Noticed Fannar
  9791 | D:9      | Reached XP level 10. HP: 39/50 MP: 22/25
 10005 | D:9      | Noticed Joseph
 10084 | D:8      | Reached skill level 10 in Spellcasting
 10324 | D:8      | Killed Gastronok
 10324 | D:8      | Reached *** piety under Sif Muna
 10324 | D:8      | Reached skill level 5 in Necromancy
 10693 | D:8      | Noticed Pikel
 10904 | D:8      | Reached skill level 5 in Hexes
 10996 | D:8      | Found a staircase to the Lair.
 11055 | D:8      | Found a snail-covered altar of Cheibriados.
 11057 | D:8      | Found a shimmering altar of Xom.
 11057 | D:8      | Found a radiant altar of Vehumet.
 11413 | D:8      | Killed Pikel
 11573 | D:9      | Killed Joseph
 11830 | D:9      | Reached skill level 5 in Invocations
 12221 | D:9      | Reached skill level 5 in Air Magic
 12747 | D:10     | Noticed an orc knight
 12767 | D:10     | Killed a hill giant
 12767 | D:10     | Reached skill level 11 in Spellcasting
 12769 | D:10     | Reached XP level 11. HP: 54/54 MP: 13/28
 12818 | D:10     | Killed an orc knight
 13118 | D:10     | Reached skill level 5 in Summonings
 13344 | D:10     | Killed Fannar
 13344 | D:10     | Reached **** piety under Sif Muna
 13513 | D:10     | Found a staircase to the Orcish Mines.
 13586 | Lair:1   | Entered Level 1 of the Lair of Beasts
 13586 | Lair:1   | Noticed an eight-headed hydra
 13595 | Lair:1   | Killed an eight-headed hydra
 14634 | Lair:1   | Learned a level 3 spell: Summon Guardian Golem
 14715 | Lair:1   | Noticed Prince Ribbit
 14738 | Lair:1   | Killed Prince Ribbit
 15786 | Lair:2   | Reached skill level 12 in Spellcasting
 15819 | Lair:2   | Reached ***** piety under Sif Muna
 16053 | Lair:2   | Identified a +1 rod of ignition (10/10) (You found it on level 2 of the Lair of Beasts)
 16078 | Lair:2   | Found a staircase to the Swamp.
 16086 | Lair:2   | Noticed a four-headed hydra
 16113 | Lair:2   | Killed a four-headed hydra
 16555 | Lair:3   | Identified Sif Muna's Volume of Gliding Intoxication (Sif Muna gifted it to you on level 3 of the Lair of Beasts)
 16555 | Lair:3   | Received a gift from Sif Muna
 16610 | Lair:3   | Learned a level 4 spell: Cause Fear
 16768 | Lair:3   | Learned a level 3 spell: Static Discharge
 16832 | Lair:3   | Noticed Snorg
 16856 | Lair:3   | Killed Snorg
 16856 | Lair:3   | Reached XP level 12. HP: 47/59 MP: 9/30
 18318 | Lair:4   | Found a staircase to the Snake Pit.
 19100 | Lair:5   | Mangled by a wolf spider

Skill      XL: |  1  2  3  4  5  6  7  8  9 10 11 12 |
---------------+-------------------------------------+-----
Stealth        | 3 4 5 7 8 9 |  9.5
Spellcasting   | 5 6 7 8 9 11 12 | 12.6
Dodging        | 3 4 5 6 7 8 |  8.6
Poison Magic   | 1 2 3 |  3.4
Conjurations   | 2 3 4 5 6 7 |  7.1
Air Magic      | 1 2 3 4 5 6 |  6.3
Necromancy     | 1 2 3 4 5 6 |  6.9
Hexes          | 1 2 4 5 6 7 |  7.3
Invocations    | 1 2 4 5 6 |  6.6
Summonings     | 2 3 4 6 |  6.5
Charms         | |  0.8
Translocations | |  1.1

Action                   |  1- 3 |  4- 6 |  7- 9 | 10-12 || total
-------------------------+-------+-------+-------+-------++-------
Melee: Dagger            |     5 |    31 |    94 |   126 ||   256
       Trident           |       |       |       |    24 ||    24
 Cast: Magic Dart        |    95 |   158 |   311 |   356 ||   920
       Repel Missiles    |     2 |     2 |     1 |       ||     5
       Mephitic Cloud    |     1 |     3 |    31 |    48 ||    83
       Animate Skeleton  |       |     4 |    24 |    56 ||    84
       Blink             |       |     1 |     6 |     3 ||    10
       Conjure Flame     |       |       |     9 |    10 ||    19
       Slow              |       |       |     3 |    18 ||    21
       Summon Lightning  |       |       |     2 |    20 ||    22
       Summon Ice Beast  |       |       |       |    66 ||    66
       Summon Guardian G |       |       |       |    10 ||    10
Invok: Divine Energy     |       |       |       |     1 ||     1
       Channel Magic     |       |       |       |     1 ||     1
Evoke: Rod               |       |       |       |     1 ||     1
  Use: Scroll            |       |       |    10 |    18 ||    28
 Stab: Sleeping          |       |     5 |     2 |       ||     7
       Confused          |       |       |     2 |    14 ||    16
       Distracted        |       |       |     1 |       ||     1
  Eat: Chunk             |     2 |    10 |    10 |    21 ||    43
       Meat ration       |       |       |     1 |     1 ||     2
       Bread ration      |       |       |       |     1 ||     1
Armor: Robe              |     7 |    22 |    57 |    47 ||   133
Dodge: Dodged            |     7 |    33 |   143 |   159 ||   342
       Deflected         |     1 |     2 |     1 |     3 ||     7
